 Dungeon Crawl Stone Soup version 0.14-a0-882-gdff4d47 (webtiles) character file.

113 Makoto the Vexing (level 4, -1/35 HPs)
             Began as a Djinni Enchanter on Nov 17, 2013.
             Slain by a gnoll
             ... wielding a +0,+0 spear
              (6 damage)
             ... on Level 2 of the Dungeon.
             The game lasted 00:06:37 (1390 turns).

Makoto the Vexing (Djinni Enchanter)                Turns: 1390, Time: 00:06:38

HP  -1/35        AC  4     Str  8      XL: 4   Next:  7%
MP   0/0         EV 12     Int 17      God:
Gold 41          SH  0     Dex 13      Spells:  2 memorised,  5 levels left

Res.Fire  : + + +   See Invis. : .   a - +1 dagger
Res.Cold  : x . .   Warding    : .   b - +1 robe
Life Prot.: + + +   Conserve   : .   (no shield)
Res.Poison: .       Res.Corr.  : .   (no helmet)
Res.Elec. : .       Clarity    : .   (no cloak)
Sust.Abil.: . .     Spirit.Shd : .   g - +0 pair of gauntlets (curse)
Res.Mut.  : .       Stasis     : .   (boots unavailable)
Res.Rott. : .       Flight     : +   (no amulet)
Saprovore : . . .                    (no ring)
                                     (no ring)

@: flying, very slightly contaminated, slightly resistant to hostile
enchantments, fairly stealthy
A: fire immunity, cold vulnerability, life protection 3
a: no special abilities


You were on level 2 of the Dungeon.
You were not hungry.

You visited 1 branch of the dungeon, and saw 2 of its levels.

You collected 41 gold pieces.

Inventory:

Hand weapons
 a - a +1,+1 dagger (weapon)
 h - a +1,+1 sling
Missiles
 d - 31 darts (quivered)
 f - 2 tomahawks
 j - 20 sling bullets of flame
 m - 16 poisoned needles
Armour
 b - a +1 robe (worn)
 g - a cursed +0 pair of gauntlets (worn)
Scrolls
 k - a scroll of remove curse {unknown}
Potions
 e - 2 potions of curing {unknown}
 i - a potion of resistance {unknown}
 l - a potion of restore abilities {unknown}
 n - a potion of heal wounds {unknown}
Books
 c - a book of Maledictions

   Spells                             Type                      Level
   *Corona                            Hexes                        1
   Sure Blade                         Hexes/Charms                 2
   *Ensorcelled Hibernation           Hexes/Ice                    2
   Confuse                            Hexes                        3
   Enslavement                        Hexes                        4
   Invisibility                       Hexes                        6


   Skills:
 + Level 1.4 Short Blades
 - Level 0.8 Throwing
 - Level 1.7 Dodging
 + Level 2.5 Stealth
 + Level 2.8 Spellcasting
 + Level 3.9 Hexes


You had 5 spell levels left.
You knew the following spells:

 Your Spells              Type           Power        Failure   Level  Hunger
a - Corona                Hex            ###....      3%          1    #......
b - Ensorcelled Hibernat  Hex/Ice        #.....       14%         2    ##.....


Dungeon Overview and Level Annotations

Branches:
Dungeon (2/16)

Altars:

Annotations:
D:1 exclusions: gnoll and kobold
D:2 Sigmund


Innate Abilities, Weirdness & Mutations

You are immune to all types of fire, even holy and hellish.
You are vulnerable to cold.
You need no food.
You have no legs.
You are immune to negative energy.


Message History

Aim: a gnoll, wielding a spear The gnoll is unaffected.
The gnoll hits you with a spear.
* * * LOW HITPOINT WARNING * * *
The gnoll hits you but does no damage.
Casting: Ensorcelled Hibernation
Confirm with . or Enter, or press ? or * to list all spells.
Aiming: Ensorcelled Hibernation
Press: ? - help, Shift-Dir - straight line, f/p - gnoll
Aim: a gnoll, wielding a spear The gnoll is unaffected.
The gnoll barely misses you. The gnoll barely misses you.
Casting: Ensorcelled Hibernation
Confirm with . or Enter, or press ? or * to list all spells.
Aiming: Ensorcelled Hibernation
Press: ? - help, Shift-Dir - straight line, f/p - gnoll
Aim: a gnoll, wielding a spear The gnoll is unaffected.
The gnoll hits you with a spear.
* * * LOW HITPOINT WARNING * * *
The gnoll hits you from afar with a spear.
You die...

#..#########.# #..#
#######.# #..#
#.....#.# #..#
#.....#.# #..#
#.....#.#######
#..###.....!........
#...........>#######
#..######+##.# #..#
#@# #..# #g# #..#
#g# .... #g# #....
#.# #.... #.# . #.#
#.# #.#


You could see 3 gnolls.

Vanquished Creatures
  Jessica (D:2)
  2 adders (D:2)
  2 giant geckos (D:1)
  An ooze (D:2)
  4 bats (D:1)
  3 giant cockroaches (D:1)
  5 hobgoblins (D:1)
  A ball python (D:2)
  3 giant newts (D:1)
  6 goblins
  2 kobolds
  5 rats
35 creatures vanquished.

Notes
Turn   | Place    | Note
--------------------------------------------------------------
     0 | D:1      | Makoto, the Djinni Enchanter, began the quest for the Orb.
     0 | D:1      | Reached XP level 1. HP: 14/14 MP: 0/0
   191 | D:1      | Reached skill level 1 in Short Blades
   205 | D:1      | Reached XP level 2. EP: 7/21
   458 | D:1      | Learned a level 2 spell: Ensorcelled Hibernation
   774 | D:1      | Reached XP level 3. EP: 25/27
  1085 | D:2      | Noticed Sigmund
  1245 | D:2      | Noticed Jessica
  1254 | D:2      | Killed Jessica
  1254 | D:2      | Reached XP level 4. EP: 16/35
  1390 | D:2      | Slain by a gnoll

Action                   |  1- 3 |  4- 6 || total
-------------------------+-------+-------++-------
Melee: Dagger            |   156 |     1 ||   157
 Cast: Ensorcelled Hiber |     6 |     5 ||    11
 Stab: Sleeping          |     7 |       ||     7
